 Dungeon Sprint DCSS version 0.26-a0-651-gb41185065b (webtiles) character file.

Game seed: 2619264492188696561

73 Apogee the Thaumaturge (level 4, -6/24 HPs)
             Began as a Deep Elf Air Elementalist on Oct 5, 2020.
             Was an Initiate of Sif Muna.
             Mangled by a basilisk (shapeshifter) (17 damage)
             ... in the Dungeon (Sprint V: "Ziggurat Sprint").
             The game lasted 00:04:17 (498 turns).

Apogee the Thaumaturge (Deep Elf Air Elementalist)   Turns: 498, Time: 00:04:17

Health: -6/24      AC:  2    Str: 17    XL:     4   Next: 8%
Magic:  14/22      EV: 13    Int: 27    God:    Sif Muna [......]
Gold:   0          SH:  0    Dex: 15    Spells: 8/19 levels left

rFire    . . .     SeeInvis .   v - +6 Majin-Bo {vamp, MP+6 Int+6}
rCold    . . .     Faith    .   (shield currently unavailable)
rNeg     . . .     Spirit   .   a - +0 robe
rPois    .         Reflect  .   (no helmet)
rElec    .         Harm     .   (no cloak)
rCorr    .         Rampage  .   (no gloves)
MR       .....     NoTele   +   (no boots)
Stlth    ++........             (no amulet)
HPRegen  0.08/turn              S - +6 ring of strength
MPRegen  0.18/turn              R - +6 ring of strength

@: no status effects
A: no striking features
a: Renounce Religion


You were in the Dungeon.
You worshipped Sif Muna.
Sif Muna was noncommittal.
You visited 1 branch

Inventory:

Hand Weapons
 v - the +6 Majin-Bo (weapon) {vamp, MP+6 Int+6}
   (You found it in the Dungeon)

   It inflicts no extra harm, but heals its wielder when it wounds a living foe.
   It affects your intelligence (+6).
   It affects your magic capacity (+6).
 K - the +7 Singing Sword {vorpal, sonic wave}
   (You found it in the Dungeon)

   It inflicts extra damage upon your enemies.
Armour
 a - a +0 robe (worn)
 A - the +18 shield of the Gong {rElec rN+ MR+ EV-5}
   (You found it in the Dungeon)

   It affects your evasion (-5).
   It insulates you from electricity.
   It protects you from negative energy.
   It affects your resistance to hostile enchantments.
 P - a +3 buckler
   (You found it in the Dungeon)
Jewellery
 s - an uncursed ring of flight
   (You found it in the Dungeon)
 N - a +6 ring of intelligence
   (You found it in the Dungeon)
 O - a +6 ring of intelligence
   (You found it in the Dungeon)
 R - a +6 ring of strength (right hand)
   (You found it in the Dungeon)
 S - a +6 ring of strength (left hand)
   (You found it in the Dungeon)
Wands
 c - a wand of disintegration (7)
   (You found it in the Dungeon)
 d - a wand of iceblast (7)
   (You found it in the Dungeon)
 x - a wand of acid (7)
   (You found it in the Dungeon)
Scrolls
 h - 4 scrolls of blinking
 n - 4 scrolls of amnesia
 o - 7 scrolls of fog
 p - 5 scrolls of identify {@r1}
 q - 5 scrolls of remove curse {@r2}
 r - 2 scrolls of fear
Potions
 b - 2 potions of brilliance
 e - 6 potions of haste {@q3}
 f - 7 potions of magic
 g - 3 potions of berserk rage
 i - 2 potions of invisibility
 j - 4 potions of resistance
 l - 5 potions of stabbing
 m - 5 potions of might
 t - 10 potions of curing {@q1}
 u - 10 potions of heal wounds {@q2}
Miscellaneous
 k - a condenser vane (2/2)
   (You found it in the Dungeon)
 M - a lightning rod (4/4) {!a}
   (You found it in the Dungeon)


   Skills:
 + Level 0.0 Fighting
 - Level 2.4 Dodging
 - Level 2.4 Stealth
 * Level 8.4 Spellcasting
 - Level 1.1 Conjurations
 * Level 8.0 Air Magic


You had 8 spell levels left.
You knew the following spells:

 Your Spells              Type           Power        Failure   Level
a - Shock                 Conj/Air       ####         1%          1
b - Airstrike             Air            ######....   1%          4
d - Static Discharge      Conj/Air       #####...     2%          3
x - Stone Arrow           Conj/Erth      ##....       12%         3

Your spell library contained the following spells:

 Spells                   Type           Power        Failure   Level
 Swiftness                Air            ######..     1%          2
 Apportation              Tloc           ##....       4%          1
 Sandblast                Erth           ##....       4%          1
 Lesser Beckoning         Tloc           ##........   16%         3
 Lightning Bolt           Conj/Air       #####.....   22%         5
 Borgnjor's Vile Clutch   Necr/Erth      ##........   80%         5
 Malign Gateway           Summ/Tloc      ##........   100%        7


Dungeon Overview and Level Annotations

Branches:
Dungeon (1/1)

Altars:
Ashenzari
Cheibriados
Dithmenos
Elyvilon
Fedhas
Gozag
Hepliaklqana
Kikubaaqudgha
Makhleb
Nemelex Xobeh
Okawaru
Qazlal
Ru
Sif Muna
Trog
Uskayaw
Vehumet
Wu Jian
Xom
Yredelemnul
Zin
The Shining One
Beogh
Jiyva
Lugonu

Annotations:
D 1 transporter


Message History

You see here Huedoru's Papyrus of Displacement and Stones.
You pick up Huedoru's Papyrus of Displacement and Stones and begin reading...
You add the spells Sandblast, Apportation, Stone Arrow, Lesser Beckoning, Borgnjor's Vile Clutch and Malign Gateway to your library.
This spell is quite dangerous to cast!
Memorise Airstrike, consuming 4 spell levels and leaving 14?
You start memorising the spell.
You continue memorising. x4
You finish memorising.
Spell assigned to 'b'.
This spell is quite dangerous to cast!
Memorise Stone Arrow, consuming 3 spell levels and leaving 11?
You start memorising the spell.
You continue memorising. x3
You finish memorising.
Spell assigned to 'x'.
You see here a condenser vane (2/2).
k - a condenser vane (2/2)
There is a transporter here.
Okay, then.
Unknown command.
Okay, then.
This spell is dangerous to cast!
Memorise Static Discharge, consuming 3 spell levels and leaving 8?
You start memorising the spell.
You continue memorising. x3
You finish memorising.
Spell assigned to 'd'.
Welcome to arena 2.
You enter the transporter and appear at another place.
A basilisk, a warg and a rime drake come into view.
Found three items.
The zap hits the basilisk.
The basilisk hisses angrily.
The zap hits the basilisk!
The warg howls!
The basilisk hisses menacingly.
The rime drake hisses angrily.
The zap misses the basilisk.
The zap hits the rime drake!
You feel better.
The zap hits the rime drake.
Okay, then.
The warg is struck by an arc of lightning!
The basilisk is struck by an arc of lightning.
You feel better.
The warg is struck by an arc of lightning.
The lightning grounds out.
The warg barely misses you.
The basilisk is struck by an arc of lightning!
You feel better.
The rime drake is struck by an arc of lightning.
The basilisk is struck by an arc of lightning!
The lightning grounds out.
The warg is struck by an arc of lightning!
The lightning grounds out.
The warg bites you!
* * * LOW HITPOINT WARNING * * *
The basilisk bites you!
Ouch! That really hurt!
You die...

▓▓▓▓▓▓▓▓▓▓▓▓▓
▓.8©8.▓.8©8.▓
▓.))|.▓.....▓
▓.....▓.....▓
▓.....▓.....▓
▓.k...▓.....▓
▓.hl..▓..©..▓
▓.@©..▓▓▓▓▓▓▓
▓▓▓▓▓▓▓


You could see a basilisk, a rime drake and a warg.

Vanquished Creatures
  A crimson imp (D)
  A quasit (D)
2 creatures vanquished.

Notes
Turn   | Place    | Note
-------+----------+-------------------------------------------
     0 | D        | Apogee the Deep Elf Air Elementalist began the quest for
                  | the Orb.
     0 | D        | Reached XP level 1. HP: 10/10 MP: 6/6
     0 | D        | Found a shimmering blue altar of Sif Muna.
     0 | D        | Found a sacrificial altar of Ru.
     0 | D        | Found a bloodstained altar of Trog.
     0 | D        | Found a stormy altar of Qazlal.
     0 | D        | Found an iron altar of Okawaru.
     0 | D        | Found a sparkling altar of Nemelex Xobeh.
     0 | D        | Found a blossoming altar of Fedhas.
     1 | D        | Found the +6 Majin-Bo {vamp, MP+6 Int+6}
     1 | D        | Found the +9 heavy crossbow "Sniper" {vorpal, Acc+∞ SInv}
     1 | D        | Found the +10 dark maul {vorpal}
     1 | D        | Found the +15 Maxwell's patent armour {-Cast -Tele rElec
                  | MR+ rCorr}
     1 | D        | Found the +18 shield of the Gong {rElec rN+ MR+ EV-5}
     1 | D        | Found the cursed +14 obsidian axe {vorpal, +Fly SInv
                  | *Curse}
     1 | D        | Found the +7 great mace "Firestarter" {inner flame, rF++}
     1 | D        | Found the +6 shillelagh "Devastator" {shatter}
     1 | D        | Found the +11 plutonium sword {*Contam Stlth-}
     1 | D        | Found the +8 lance "Wyrmbane" {slay drac, rPois rF+ rC+
                  | AC+3}
     1 | D        | Found the +9 sword of Zonguldrok {reap}
     1 | D        | Found the cursed +13 scythe of Curses {drain, *Curse}
     1 | D        | Found the +0 sword of Power
     1 | D        | Found the +7 mace of Variability {chain chaos}
     1 | D        | Found the +7 Singing Sword {vorpal, sonic wave}
     1 | D        | Found the +8 storm bow {elec, penet}
     2 | D        | Found a transporter.
     2 | D        | Found an ancient bone altar of Kikubaaqudgha.
     2 | D        | Found a viscous altar of Jiyva.
     2 | D        | Found a corrupted altar of Lugonu.
     2 | D        | Found a hazy altar of Hepliaklqana.
     2 | D        | Found a burning altar of Makhleb.
     2 | D        | Found an opulent altar of Gozag.
   133 | D        | Became a worshipper of Sif Muna the Loreminder
   135 | D        | Reached XP level 2. HP: 15/15 MP: 11/11
   173 | D        | Entered arena 2.
   173 | D        | Noticed a crimson imp
   173 | D        | Found a transporter.
   175 | D        | Killed a crimson imp
   175 | D        | Reached XP level 3. HP: 18/19 MP: 14/14
   181 | D        | Reached XP level 4. HP: 2/24 MP: 13/16
   181 | D        | HP: 1/24 [the Majin-Bo (1)]
   473 | D        | Got Huedoru's Papyrus of Displacement and Stones
   479 | D        | Learned a level 4 spell: Airstrike
   483 | D        | Learned a level 3 spell: Stone Arrow
   493 | D        | Learned a level 3 spell: Static Discharge
   493 | D        | Entered arena 3.
   493 | D        | Noticed a basilisk
   493 | D        | Noticed a rime drake
   493 | D        | Noticed a warg
   493 | D        | Found a transporter.
   498 | D        | Mangled by a basilisk (shapeshifter)

Illustrated notes

Levels and vault maps discovered:
D:        sprint_v [room_start, room_1, room_2, room_3, room_4, room_5, room_6,
          room_7, room_8, room_9, room_10, room_11, room_12, room_13, room_14,
          room_15, room_16, room_17, room_18, room_19, room_20, room_21,
          room_22, room_23, room_24, room_25, room_26, room_27]

Skill      XL: |  1  2  3 |
---------------+----------+-----
Spellcasting   | 6 7 8 |  8.4
Air Magic      | 6 7 8 |  8.0
Dodging        | |  2.4
Stealth        | |  2.4
Conjurations   | |  1.1

Action                   |  1- 3 |  4- 6 || total
-------------------------+-------+-------++-------
 Cast: Shock             |     6 |     3 ||     9
       Static Discharge  |       |     2 ||     2
  Use: Potion            |     1 |       ||     1
Armor: Robe              |     3 |       ||     3
Dodge: Dodged            |    14 |     1 ||    15

Table legend: (Time is in decaauts)
 A = Elapsed time spent in this place.
 B = Non-inter-level travel time spent in this place.
 C = Inter-level travel time spent in this place.
 D = Time resting spent in this place.
 E = Time spent auto-exploring this place.
 F = Levels seen in this place.
 G = Mean time per level.
                   A        B        C        D        E       F      G
               +--------+--------+--------+--------+--------+-----+--------+
         Total |    494 |    494 |      0 |    309 |     21 |   1 |  494.0 |
       Dungeon |    494 |    494 |      0 |    309 |     21 |   1 |  494.0 |
               +--------+--------+--------+--------+--------+-----+--------+

Top non-repeatable levels by time:
       D: 494 daAuts
